 Dungeon Crawl Stone Soup version 0.31-a0-246-g8cbcc1cb85 (webtiles) character file.

Game seed: 13233691384538198942

59 qw the Shooter (level 4, 0/26 HPs)
             Began as a Gargoyle Hexslinger on July 12, 2023.
             Slain by a gnoll
             ... wielding a +0 spear
              (2 damage)
             ... on level 2 of the Dungeon.
             The game lasted 00:00:25 (778 turns).

qw the Shooter (Gargoyle Hexslinger)                 Turns: 778, Time: 00:00:25

Health: 0/26       AC:  8    Str: 18    XL:     4   Next: 3%
Magic:  5/5        EV: 11    Int: 13    God:
Gold:   40         SH:  0    Dex: 14    Spells: 4/5 levels left

rFire   . . .        a - +1 sling
rCold   . . .        (no shield)
rNeg    + . .        d - +0 ring mail
rPois   inf          (no helmet)
rElec   +            (no cloak)
rCorr   .            (no gloves)
SInv    .            (no boots)
Will    .....        (no amulet)
Stlth   +            g - +6 ring of strength
HPRegen 0.24/turn    (no ring)
MPRegen 0.09/turn

%: no passive effects
@: no status effects
A: sickness immunity, AC +3, negative energy resistance 1, electricity
resistance, torment resistance 1, petrification resistance
a: no special abilities


You were on level 2 of the Dungeon.
You visited 1 branch of the dungeon, and saw 2 of its levels.

You collected 40 gold pieces.


Innate Abilities, Weirdness & Mutations

You are immune to sickness and miasma.
Your stone body is resilient. (AC +3)
You are immune to poison.
You resist negative energy. (rN+)
You are resistant to electric shocks. (rElec)
You are resistant to unholy torment.
You are immune to petrification.


   Skills:
 - Level 2.0 Fighting
 + Level 3.9 Ranged Weapons
 - Level 1.5 Dodging
 - Level 1.0 Spellcasting
 - Level 2.6 Hexes


You had 4 spell levels left.
You knew the following spells:

 Your Spells              Type           Power      Damage    Failure   Level
a - Slow                  Hex            28%        N/A       17%         1

Your spell library contained the following spells:

 Spells                   Type           Power      Damage    Failure   Level
 Inner Flame              Hex/Fire       4%         N/A       65%         3
 Portal Projectile        Hex/Tloc       8%         N/A       65%         3
 Cause Fear               Hex            3%         N/A       86%         4

Inventory:

Hand Weapons
 a - a +1 sling (weapon)
Armour
 d - a +0 ring mail (worn)
Jewellery
 b - a ring of ice
 g - a +6 ring of strength (left hand)
Potions
 e - 2 potions of curing
 f - a potion of attraction {unknown}
 h - a potion of might {unknown}

Dungeon Overview and Level Annotations

Branches:
Dungeon (2/15)

Altars:


Message History

The gnoll misses you.
You shoot a sling bullet.
The sling bullet hits the gnoll but does no damage.
The gnoll is severely wounded.
The gnoll barely misses you.
You shoot a sling bullet.
The sling bullet hits the gnoll but does no damage.
The gnoll is severely wounded.
The gnoll barely misses you.
You shoot a sling bullet. The sling bullet hits the gnoll.
You kill the gnoll!
The gnoll misses you.
You have reached level 4!
You feel stronger.
You shoot a sling bullet.
The sling bullet hits the gnoll but does no damage.
The gnoll is moderately wounded.
The gnoll hits you from afar with a +0 spear.
You shoot a sling bullet. The sling bullet hits the gnoll.
The gnoll is severely wounded.
The gnoll hits you but does no damage.
You shoot a sling bullet.
The sling bullet closely misses the gnoll.
The sling bullet hits the giant cockroach but does no damage.
The giant cockroach is severely wounded.
The gnoll hits you from afar with a +0 spear.
You shoot a sling bullet.
The sling bullet hits the gnoll but does no damage.
The gnoll is severely wounded.
The gnoll hits you from afar with a +0 spear. x2
You shoot a sling bullet.
The sling bullet completely misses the gnoll.
The sling bullet hits the giant cockroach.
You kill the giant cockroach!
The gnoll hits you from afar with a +0 spear.
You shoot a sling bullet.
The sling bullet closely misses the gnoll.
The sling bullet hits the endoplasm.
The endoplasm is severely wounded.
The gnoll hits you from afar with a +0 spear.
You die...

#.)..#.#
#.%.##.#
#.)###.#
####.<....#
#.....######
####............
#...........####
#.##...^.#.....
#@##...........#
#.###.###..###.#
#g# ... >... .
#Jg...## ..)#.
###.... ..##
##.#. .g .J ..


You could see 2 gnolls and an endoplasm.

Vanquished Creatures
  2 gnolls (D:2)
  3 dart slugs
  6 endoplasms (D:1)
  2 giant cockroaches
  3 goblins
  3 hobgoblins
  3 kobolds
  2 quokkas (D:1)
  3 ball pythons
  A bat (D:2)
  3 rats
31 creatures vanquished.

Notes
Turn   | Place    | Note
-------+----------+-------------------------------------------
     0 | D:1      | qw the Gargoyle Hexslinger began the quest for the Orb.
     0 | D:1      | Reached XP level 1. HP: 12/12 MP: 2/2
     0 | D:1      | 0 ||| qw: Version: 0.3-a-52-g30416fa
     0 | D:1      | 0 ||| qw: Game counter: 6292
     0 | D:1      | 0 ||| qw: Melee chars always use a shield: true
     0 | D:1      | 0 ||| qw: God list: Okawaru
     0 | D:1      | 0 ||| qw: Allow faded altars: false
     0 | D:1      | 0 ||| qw: Do Orc after clearing Dungeon:15 true
     0 | D:1      | 0 ||| qw: Do second Lair branch before Depths: true
     0 | D:1      | 0 ||| qw: Lair rune preference: random
     0 | D:1      | 0 ||| qw: Goals: Normal
     0 | D:1      | 0 ||| PLANNING D:1-11
    56 | D:1      | Reached XP level 2. HP: 16/16 MP: 3/3
   152 | D:1      | Reached skill level 3 in Ranged Weapons
   284 | D:1      | Reached XP level 3. HP: 21/21 MP: 4/4
   560 | D:1      | 560 ||| UPGRADING to +0 ring mail.
   570 | D:1      | 570 ||| DROPPING +0 robe.
   571 | D:1      | 571 ||| UPGRADING to +6 ring of strength.
   572 | D:1      | 572 ||| DRINKING 3 fuming black potions.
   573 | D:1      | 573 ||| DROPPING scroll of poison.
   596 | D:2      | 596 ||| STAIRDANCE
   760 | D:2      | 760 ||| Stepping ~*~*~tactically~*~*~ (outnumbered).
   765 | D:2      | 765 ||| Stepping ~*~*~tactically~*~*~ (outnumbered).
   773 | D:2      | Reached XP level 4. HP: 18/26 MP: 5/5
   776 | D:2      | HP: 6/26 [gnoll/+0 spear (2)]
   777 | D:2      | HP: 2/26 [gnoll/+0 spear (4)]
   778 | D:2      | Slain by a gnoll

Levels and vault maps discovered:
D:1:      lightli_iron_boxes, layout_basic, hex_medium
D:2:      layout_loops_cross, ebering_ecumenical_altar_sacrificial, basic_altar,
          grunt_ministairs_10, minmay_pentomino_pile

Skill      XL: |  1  2  3 |
---------------+----------+-----
Ranged Weapons | 3 |  3.9
Fighting       | 2 |  2.0
Dodging        | |  1.5
Spellcasting   | |  1.0
Hexes          | |  2.6

Action                     |  1- 3 |  4- 6 || total
---------------------------+-------+-------++-------
   Fire: Sling             |   110 |     6 ||   116
    Use: Potion            |     1 |       ||     1
 Armour: Robe              |     4 |       ||     4
         Ring mail         |     7 |     1 ||     8
  Dodge: Dodged            |    36 |       ||    36

Table legend:
 A = Non-vault XP
 B = Vault XP
 C = Vault XP percentage of total XP
 D = Non-vault monster count
 E = Vault monster count
 F = Vault count percentage of total count
                 A         B        C        D         E       F
            +---------+---------+-------+---------+---------+-------
      Total |      83 |       2 |   2.4 |      30 |       1 |   3.2
            +---------+---------+-------+---------+---------+-------
        D:1 |      43 |       0 |   0.0 |      21 |       0 |   0.0
        D:2 |      40 |       2 |   4.8 |       9 |       1 |  10.0
            +---------+---------+-------+---------+---------+-------
